 Dungeon Crawl Stone Soup version 0.25-a0-424-g80bd347ae0 (webtiles) character file.

Game seed: 5951805228157639897, levelgen mode: deterministic

243 Hasart the Insei (level 5, -5/39 HPs)
             Began as a Vampire Gladiator on Jan 20, 2020.
             Killed from afar by Dowan (14 damage)
             ... with a puff of flame
             ... on level 4 of the Dungeon.
             The game lasted 00:09:42 (2717 turns).

Hasart the Insei (Vampire Gladiator)                Turns: 2717, Time: 00:09:42

Health: -5/39      AC:  5    Str: 13    XL:     5   Next: 82%
Magic:  5/5        EV: 14    Int: 16    God:
Gold:   125        SH:  0    Dex: 16    Spells: 4/4 levels left

rFire    . . .     SeeInvis +     - Unarmed
rCold    . . .     Gourm    +   (no shield)
rNeg     . . .     Faith    .   a - +0 leather armour
rPois    .         Spirit   .   b - +0 helmet
rElec    .         Reflect  .   (no cloak)
rCorr    .         Harm     .   (no gloves)
MR       .....                  m - +0 pair of boots
Stlth    ++........             g - amulet of the gourmand
HPRegen  0.33/turn              (no ring)
MPRegen  0.09/turn              (no ring)

@: brilliant, regenerating quickly, hasted, very quick
A: no food, fangs 3, see invisible, unbreathing
a: Exsanguinate


You were on level 4 of the Dungeon.
You were alive.

You visited 1 branch of the dungeon, and saw 4 of its levels.

You collected 125 gold pieces.

Inventory:

Missiles
 c - 3 throwing nets (quivered)
Armour
 a - a +0 leather armour (worn)
 b - a +0 helmet (worn)
 m - a +0 pair of boots (worn)
Jewellery
 g - an amulet of the gourmand (around neck)
Scrolls
 f - 2 scrolls of random uselessness {unknown}
 h - a scroll of enchant weapon {unknown}
 i - 2 scrolls of fear {unknown}
 o - a scroll of teleportation {unknown}
 p - a scroll of identify {unknown}
 q - a scroll of noise {unknown}
Potions
 d - 2 potions of curing
 e - a potion of brilliance
 l - a potion of berserk rage {unknown}
 n - a potion of heal wounds {unknown}


   Skills:
 + Level 2.7 Fighting
 + Level 2.4 Throwing
 + Level 4.1 Dodging
 + Level 3.3 Stealth
 * Level 5.0 Unarmed Combat


You had 4 spell levels left.
You didn't know any spells.
Your spell library was empty.

Dungeon Overview and Level Annotations

Branches:
Dungeon (4/15)
 Temple: D:4-7

Altars:

Annotations:
D:4 Dowan, Duvessa


Innate Abilities, Weirdness & Mutations

You do not eat.
Your natural rate of healing is unusually fast.
You have razor-sharp teeth.
You have supernaturally acute eyesight. (SInv)
You can survive without breathing.


Message History

Duvessa hits you with a +0 short sword.
Dowan points at you and mumbles some strange words.
The puff of flame hits you.
You hit Duvessa but do no damage.
Duvessa is moderately wounded.
Duvessa hits you but does no damage. Dowan gestures at you while chanting.
The puff of frost hits you!
* * * LOW HITPOINT WARNING * * *
Duvessa closely misses you.
It was a potion of brilliance.
You feel clever all of a sudden. Duvessa barely misses you. Dowan misses you.
Unknown command.
It was a potion of haste.
You feel yourself speed up. Duvessa hits you with a +0 short sword.
* * * LOW HITPOINT WARNING * * *
Dowan says, "My weaknesses are her strengths!"
Dowan zaps a wand.
The puff of flame hits you!
You die...

#(.#.# #(.(.# #(#
#.# ##########.#
.######.........(#
............%###(#
######.####.# #e##
#.# #.# #@e# #.#
#.# #..# #.# #.#
#..# #.# #.# #..#
#.####.###..######.
#.............(....
######.####........
#.# #.####### #.#
#.#


You could see Duvessa and Dowan.

Vanquished Creatures
  An orc wizard (D:3)
  A worker ant (D:2)
  2 adders (D:1)
  8 gnolls
  An ooze (D:3)
  2 worms
  A dart slug (D:1)
  3 leopard geckos
  4 orcs (D:3)
  4 giant cockroaches
  5 goblins
  7 hobgoblins
  4 jackals
  2 quokkas (D:2)
  2 ball pythons (D:2)
  10 bats
  5 frilled lizards
  9 kobolds
  6 rats
77 creatures vanquished.

Notes
Turn   | Place    | Note
-------+----------+-------------------------------------------
     0 | D:1      | Hasart the Vampire Gladiator began the quest for the Orb.
     0 | D:1      | Reached XP level 1. HP: 16/16 MP: 1/1
   265 | D:1      | Reached XP level 2. HP: 22/22 MP: 2/2
   303 | D:1      | Reached skill level 1 in Stealth
   939 | D:1      | Reached XP level 3. HP: 15/27 MP: 3/3
  1104 | D:2      | Reached skill level 4 in Unarmed Combat
  1313 | D:1      | Reached XP level 4. HP: 33/33 MP: 4/4
  1682 | D:2      | Reached XP level 5. HP: 23/39 MP: 5/5
  2293 | D:3      | Reached skill level 5 in Unarmed Combat
  2692 | D:4      | Noticed Duvessa
  2693 | D:4      | Noticed Dowan
  2717 | D:4      | Killed from afar by Dowan

Levels and vault maps discovered:
D:1:      sevenhm_arrival_forest_fort_large_1, layout_basic
D:2:      layout_rooms, first_ration
D:3:      layout_loops_cross
D:4:      layout_loops_ring, enter_ossuary_2, serial_shops, shop, uniq_duvessa,
          uniq_ijyb

Skill      XL: |  1  2  3  4  5 |
---------------+----------------+-----
Stealth        | 1 2 3 |  3.3
Fighting       | 2 |  2.7
Throwing       | 2 |  2.4
Unarmed Combat | 4 5 |  5.0
Dodging        | 4 |  4.1

Action                   |  1- 3 |  4- 6 || total
-------------------------+-------+-------++-------
Melee: Unarmed           |    92 |   182 ||   274
       Bite              |     6 |    18 ||    24
       Punch             |     1 |     5 ||     6
Throw: Dart              |       |    12 ||    12
  Use: Potion            |       |     3 ||     3
 Stab: Sleeping          |     4 |     3 ||     7
       Distracted        |       |     1 ||     1
Armor: Leather armour    |    40 |    45 ||    85
Dodge: Dodged            |    66 |   140 ||   206

Table legend:
 A = Non-vault XP
 B = Vault XP
 C = Vault XP percentage of total XP
 D = Non-vault monster count
 E = Vault monster count
 F = Vault count percentage of total count
                 A         B        C        D         E       F
            +---------+---------+-------+---------+---------+-------
      Total |     346 |       2 |   0.6 |      75 |       2 |   2.6
            +---------+---------+-------+---------+---------+-------
        D:1 |      88 |       2 |   2.2 |      25 |       2 |   7.4
        D:2 |     171 |       0 |   0.0 |      29 |       0 |   0.0
        D:3 |      86 |       0 |   0.0 |      20 |       0 |   0.0
        D:4 |       1 |       0 |   0.0 |       1 |       0 |   0.0
            +---------+---------+-------+---------+---------+-------
